!Justin14p!, lawful male human Knight ----------- |@........| |.......... |.........| |...u.....| ----.---------- -+---.-.--- +.............| ## #|.........<...+ ### ##-.............| ### ###|.............| #### ### |.............| ### ----- ### --------------- # #....-#### ##### -------.- ###|...|### --.------- |.....).|####-^... |........| #|.....>..## ----- |.........#######-.......|# |........| --------- |......... ---------- !Justin14p! the Gallant Experience level: 2 Strength: 14 Dexterity: 9 Constitution: 12 Intelligence: 9 Wisdom: 14 Charisma: 17 Health: 15(15) Energy: 11(11) Def: 5 Gold: 155 Moves: 786 Dungeon seed: BwvVmEgQ537C6bvu Game ID: !Justin14p!_1525693257 Your Inventory: Coins $ - 155 gold pieces Weapons b - a +1 lance (weapon in hand) Armor e - an uncursed +1 ring mail (being worn) n - an uncursed +0 helmet (being worn) q - an uncursed +0 small shield r - an uncursed burnt +0 pair of leather gloves (being worn) y - an uncursed +0 pair of elven boots Comestibles c - 11 uncursed apples d - 10 uncursed carrots Scrolls h - an uncursed scroll of create monster Spellbooks g - an uncursed spellbook of blank paper Potions f - an uncursed potion of gain ability i - an uncursed potion of paralysis Rings m - a cursed ring of aggravate monster (on left hand) Wands j - a wand of secret door detection (0:14) Tools k - an uncursed tin whistle o - an uncursed magic whistle Gems z - an uncursed obsidian stone Spells and supernatural/magical abilities: Name Level Category Fail Memory W - pray for help -- divine ? -- X - turn undead -- divine ? -- Y - supernatural jump -- ability ? -- Your skills at the end: Fighting Skills riding [Basic] Weapon Skills long sword [Basic] lance [Basic] Spellcasting Skills Final Attributes: You were piously aligned. You aggravated monsters. You could jump. You survived. Vanquished creatures: 9 jackals a kobold a goblin 2 grid bugs 4 lichens 4 newts 21 creatures vanquished. Voluntary challenges: You went without food. You used a wielded weapon 11 times, starting on turn 3. You were illiterate. You never genocided any monsters. You never polymorphed an object. You never changed form. You used no wishes. You never split a pudding. You never wrote Elbereth's name. You never violated your personal moral code. Dungeon overview: The Dungeons of Doom: levels 1 to 2 Level 1 a long staircase Level 2 <- You were here History has recorded: On T:1 you entered the Dungeons of Doom to retrieve the Amulet of Yendor! On T:425 you advanced to experience level 2. On T:644 you reached level 2 of The Dungeons of Doom. Score breakdown: Gold: 155 ( 7460 points) Experience: 2 levels ( 5570 points) Exploration: 2 levels ( 4.17%) ( 4375 points) Discoveries: 0 items ( 0.00%) ( 0 points) Valuables value: (no points given unless you survive) Artifact value: 0 ( 0 points) Variety of kills: 6 monsters ( 1.57%) ( 3764 points) Turncount: 786 turns ( 0 points) Survival: quit (score multiplied by 90%) Total score: 19052 Latest messages: You begin praying to Lugh. You are surrounded by a shimmering light. You feel that Lugh is well-pleased. You hear someone cursing shoplifters. You displace Skurwiel iaaaaa. You see here a whistle. You have a little trouble lifting o - a whistle. You see here a large box. You force your long sword into a crack and pry. Your long sword broke! You can't exactly force that lock now. You start removing your small shield. You take off your small shield. You are now wielding your dwarvish mattock. You force your dwarvish mattock into a crack and pry. Your dwarvish mattock broke! You can't exactly force that lock now. Your movements are now unencumbered. You are now wielding your lance. You start bashing it with your lance. You succeed in forcing the lock. You carefully open the large box... Final status: Fare thee well !Justin14p! the Knight, quit... You quit in The Dungeons of Doom on dungeon level 2 with 19052 points, and 155 pieces of gold, after 786 moves. You were level 2 with a maximum of 15 hit points when you quit.